 Dungeon Crawl Stone Soup version 0.30.1-9-gdf580d7c3d (webtiles) character file.

Game seed: 6775128044672053868

61 CrazyMind the Chiller (level 4, -7/30 HPs)
             Began as a Barachi Ice Elementalist on Oct 5, 2023.
             Killed from afar by Robin (21 damage)
             ... with a bolt of dispelling energy
             ... on level 2 of the Dungeon.
             The game lasted 00:07:02 (1443 turns).

CrazyMind the Chiller (Barachi Ice Elementalist)    Turns: 1443, Time: 00:07:03

Health: -7/30      AC:  3    Str:  9    XL:     4   Next: 7%
Magic:  1/8        EV: 12    Int: 18    God:
Gold:   112        SH:  0    Dex: 12    Spells: 7/8 levels left

rFire   . . .        c - +0 short sword
rCold   . . .        (no shield)
rNeg    . . .        a - +0 robe
rPois   .            i - +0 helmet
rElec   .            (no cloak)
rCorr   .            (no gloves)
SInv    .            (no boots)
Will    .....        (no amulet)
Stlth   ++           (no ring)
HPRegen 0.25/turn    (no ring)
MPRegen 0.11/turn

%: no passive effects
@: unable to hop, slow
A: amphibious, slowness 1, strong legs 1, +LOS
a: Hop


You were on level 2 of the Dungeon.
You visited 1 branch of the dungeon, and saw 2 of its levels.

You collected 112 gold pieces.

Inventory:

Hand Weapons
 c - a +0 short sword (weapon)
 e - a +0 dagger
Missiles
 n - 9 poisoned darts
Armour
 a - a +0 robe (worn)
 i - a +0 helmet (worn)
 k - an orb of energy
Scrolls
 f - 2 scrolls of identify {unknown}
 g - a scroll of teleportation {unknown}
 h - 2 scrolls of enchant weapon {unknown}
 j - a scroll of noise {unknown}
 l - a scroll of brand weapon {unknown}
 m - a scroll of fear {unknown}
 o - a scroll of vulnerability {unknown}
 q - a scroll of magic mapping {unknown}
 r - a scroll of torment {unknown}
Potions
 b - a potion of magic
 d - 2 potions of curing {unknown}
 p - 2 potions of heal wounds {unknown}
 s - 2 potions of degeneration {unknown}


   Skills:
 + Level 2.3 Dodging
 + Level 1.9 Stealth
 + Level 2.9 Spellcasting
 * Level 6.0 Ice Magic


You had 7 spell levels left.
You knew the following spells:

 Your Spells              Type           Power      Damage    Failure   Level
a - Freeze                Ice            96%        1d10      1%          1

Your spell library contained the following spells:

 Spells                   Type           Power      Damage    Failure   Level
 Frozen Ramparts          Ice            48%        1d8       4%          3
 Ozocubu's Armour         Ice            24%        N/A       4%          3
 Blink                    Tloc           4%         N/A       26%         2
 Lesser Beckoning         Tloc           4%         N/A       26%         2
 Momentum Strike          Conj/Tloc      4%         3d8       26%         2
 Summon Ice Beast         Ice/Summ       13%        N/A       43%         4


Dungeon Overview and Level Annotations

Branches:
Dungeon (2/15) Zot: 10398

Altars:

Annotations:
D:2 Robin


Innate Abilities, Weirdness & Mutations

You are amphibious.
You cover ground slowly.
You can hop short distances.
You have an extended range of vision and can be seen from far away.


Message History

Aim: a goblin, wielding a +0 dagger You freeze the goblin.
You kill the goblin!
Hop to where?
Press: ? - help, Dir - move target Boing!
Unknown command.
Your magical contamination has completely faded away.
The hobgoblin attacks as you move away! The hobgoblin hits you.
The hobgoblin attacks as you move away! The hobgoblin barely misses you.
The hobgoblin attacks as you move away!
The hobgoblin hits you but does no damage. x2
Casting: Freeze (safe; 1% risk of failure)
Confirm with . or Enter, or press ? or * to list all spells.
Aiming: Freeze (safe; 1% risk of failure)
Press: ? - help, Shift-Dir - straight line, f - hobgoblin
Aim: a hobgoblin You freeze the hobgoblin!
You kill the hobgoblin!
Casting: Freeze (safe; 1% risk of failure)
Confirm with . or Enter, or press ? or * to list all spells.
Aiming: Freeze (safe; 1% risk of failure)
Press: ? - help, Shift-Dir - straight line, f - giant cockroach
Aim: a giant cockroach You freeze the giant cockroach.
You kill the giant cockroach!
You barely miss the hobgoblin. The hobgoblin barely misses you.
You hit the hobgoblin but do no damage. The hobgoblin barely misses you.
Robin zaps a wand.
The bolt of dispelling energy hits the hobgoblin!
The hobgoblin dies!
The bolt of dispelling energy hits you.
Robin zaps a wand.
The bolt of dispelling energy hits you!
There is an open door here.
Robin roars a battlecry!
The hobgoblin goes into a battle-frenzy!
Robin zaps a wand.
The bolt of dispelling energy hits you!!
Ouch! That really hurt!
You die...

.............#
.###########.# ......#
#.# ......#
#.######### ......#
#..##.....# ......#
##........#
......#########......#
.....................#
#..[...########.@....#
...#'#.# #.#'####
##.#.#.# #.#...#
#....#.# #.###.##
#....#.# #.# #.g#
#....#.# ..# ##g#
#....#.# ### #†##
.....#.. #.g#
.....########### ##.##


You could see Robin and a hobgoblin (strong).

Vanquished Creatures
  A gnoll (D:1)
  A worm (D:2)
  A dart slug (D:1)
  6 ball pythons
  3 bats
  4 endoplasms (D:1)
  2 giant cockroaches
  8 goblins
  4 hobgoblins
  A quokka (D:1)
  A frilled lizard (D:1)
  4 kobolds (D:1)
  2 rats (D:1)
38 creatures vanquished.

Vanquished Creatures (others)
  A hobgoblin (D:2)
1 creature vanquished.

Grand Total: 39 creatures vanquished

Notes
Turn   | Place    | Note
-------+----------+-------------------------------------------
     0 | D:1      | CrazyMind the Barachi Ice Elementalist began the quest for
                  | the Orb.
     0 | D:1      | Reached XP level 1. HP: 13/13 MP: 3/3
    74 | D:1      | Reached skill level 5 in Ice Magic
   179 | D:1      | Reached XP level 2. HP: 16/19 MP: 0/5
   585 | D:1      | Reached XP level 3. HP: 24/24 MP: 3/6
  1415 | D:2      | Noticed Robin
  1425 | D:2      | Reached skill level 6 in Ice Magic
  1425 | D:2      | Reached XP level 4. HP: 27/30 MP: 1/8
  1443 | D:2      | Killed from afar by Robin

Illustrated notes

Levels and vault maps discovered:
D:1:      noname_arrival_rooms_in_the_neighbourhood, layout_basic
D:2:      layout_basic, uniq_robin

Skill      XL: |  1  2  3 |
---------------+----------+-----
Ice Magic      | 5 6 |  6.0
Dodging        | |  2.3
Stealth        | |  1.9
Spellcasting   | |  2.9

Action                     |  1- 3 |  4- 6 || total
---------------------------+-------+-------++-------
  Melee: Unarmed           |     3 |       ||     3
         Short sword       |    13 |     2 ||    15
         Punch             |     1 |       ||     1
   Cast: Freeze            |    58 |     3 ||    61
Ability: Hop               |     1 |     1 ||     2
   Stab: Sleeping          |     1 |       ||     1
 Armour: Robe              |     9 |     2 ||    11
  Dodge: Dodged            |    39 |     3 ||    42
